Map: Temple of the Past

Players

SpadeCe

  • Race: Terran Terran
  • Spawn Location: 0:00

NamroodTuo

  • Race: Zerg Zerg

VOD

Have the link to the VOD?

Description

Time

  • Played on: Jan. 13, 2023, 2:05 p.m.
  • Length: 10:27
Show
View Real Time Build Order
Export as new Build Order

SpadeCe Terran 

Build Orders:  

Get SALT Encoding   

  12  0:02  SCV  
  13  0:16  SCV  
  14  0:24  Supply Depot  
  14  0:31  SCV  
  15  0:48  SCV  
  16  0:53  Refinery  
  16  0:56  Refinery  
  16  1:01  SCV  
  17  1:15  SCV  
  18  1:28  SCV  
  19  1:40  Supply Depot  
  19  1:42  SCV  
  20  1:53  Supply Depot  
  20  1:55  SCV  
  21  2:09  SCV  
  22  2:12  Factory  
  22  2:23  SCV  
  23  2:30  Engineering Bay  
  23  2:36  SCV  
  24  2:50  SCV  
  24  2:58  Factory  
  25  3:00  Supply Depot  
  25  3:03  SCV  
  26  3:17  SCV  
  27  3:30  SCV  
  27  3:32  Perdition Turret  
  28  3:44  SCV  
  28  3:49  Perdition Turret  
  29  3:57  SCV  
  30  4:11  SCV  
  31  4:22  Devastation Turret  
  31  4:25  SCV  
  32  4:38  SCV  
  31  4:48  Devastation Turret  
  31  4:52  SCV  
  32  5:05  Perdition Turret  
  32  5:07  Perdition Turret  
  32  5:08  Command Center  
  32  5:10  Perdition Turret  
  32  5:27  Spinning Dizzy  
  32  5:37  SCV  
  32  5:39  Devastation Turret  
  33  5:51  SCV  
  34  6:04  SCV  
  35  6:13  Armory, Refinery  
  35  6:16  Refinery  
  35  6:18  SCV  
  36  6:31  SCV  
  36  6:32  Armory  
  37  6:41  Devastation Turret  
  37  6:51  Perdition Turret x3  
  37  7:02  Hi-Sec Auto Tracking  
  34  7:21  Devastation Turret  
  33  7:34  Devastation Turret  
  33  7:45  Devastation Turret  
  33  8:01  Devastation Turret  
  33  8:02  Structure Armor, Unknown  
  33  8:04  SCV x2  
  35  8:15  Perdition Turret  
  34  8:25  Devastation Turret  
  34  8:43  Devastation Turret  
  34  8:47  SCV x2  
  36  9:00  SCV  
  36  9:01  SCV  
  36  9:02  Unknown, Fire-Suppression Systems  
  38  9:16  Devastation Turret  
  38  9:22  SCV  
  39  9:36  Devastation Turret  
Show
View Real Time Build Order
Export as new Build Order

NamroodTuo Zerg 

Build Orders:  

Get SALT Encoding   

  12  0:04  Infested SCV  
  13  0:26  Infested Barracks  
  13  0:37  Overlord  
  13  0:42  Infested SCV  
  14  1:04  Infested SCV  
  14  1:05  Infested SCV  
  16  1:13  Infested SCV  
  16  1:14  Overlord  
  17  1:22  Infested SCV  
  18  1:30  Infested Marine  
  18  1:31  Infested Marine  
  18  1:37  Overlord  
  18  1:39  Infested Marine  
  21  1:46  Infested Marine  
  21  1:47  Infested Marine  
  23  1:54  Infested SCV  
  24  2:11  Infested Engineering Bay  
  24  2:17  Infested Barracks  
  24  2:23  Infested SCV  
  24  2:26  Infested SCV  
  26  2:38  Infestation Level 1  
  26  2:46  Infested SCV  
  27  2:56  Infested Refinery  
  27  2:57  Infested SCV  
  28  3:13  Infested Refinery  
  26  3:26  Infested Marine x2  
  26  3:27  Infested Marine x3  
  26  3:28  Infested Marine x4  
  26  3:29  Infested Marine x2  
  36  3:35  Infested Barracks Tech Lab  
  34  3:48  Infested SCV x2  
  34  3:49  Infested SCV  
  26  4:39  Infested Marine  
  26  4:40  Infested Marine x13  
  26  4:46  Overlord x3  
  39  4:57  Anaerobic Enhancement  
  25  5:47  Infested Command Center  
  25  5:57  Broodling Gestation  
  29  6:03  Infested SCV  
  29  6:04  Infested SCV x2  
  32  6:11  Retinal Augmentation  
  32  6:16  Infested SCV  
  33  6:21  Infested SCV  
  34  6:57  Infested Marine  
  34  6:58  Infested Marine x10  
  34  6:59  Infested Marine x18  
  50  7:36  Infested Bunker  
  34  7:43  Infested Marine  
  34  7:44  Infested Marine x23  
  34  7:45  Infested Marine x5  
  37  8:25  Infested Marine x4  
  37  8:26  Infested Marine x12  
  51  8:57  Infested Bunker  
  55  9:01  Infested Bunker  
  55  9:06  Infested SCV  
  59  9:43  Infested SCV x5  
  64  10:08  Infested SCV  
Tags
 
Commander
StukovSwann
Matchup
Co-op
Replay Pack
Multiplayer
Add a new tag
Caveats
  • Supply blocks, unpowered buildings, or Contaminate may cause inaccurate times.
  • Supply counts are checked every 10 seconds.